 Dungeon Crawl Stone Soup version 0.27-a0-1147-gb3d8e82157 (webtiles) character file.

Game seed: 980312846458052625

27043 Shayle the Unseen (level 13, -5/85 HPs)
             Began as a Vampire Enchanter on May 11, 2021.
             Was an Initiate of Gozag.
             Slain by a six-headed hydra (8 damage)
             ... on level 11 of the Dungeon.
             The game lasted 01:13:05 (15498 turns).

Shayle the Unseen (Vampire Enchanter)              Turns: 15498, Time: 01:13:06

Health: -5/85      AC: 11    Str: 14    XL:     13   Next: 2%
Magic:  0/21       EV: 22    Int: 20    God:    Gozag
Gold:   537        SH:  5    Dex: 16    Spells: 4/16 levels left

rFire    . . .     SeeInvis +   u - +2 morningstar (flame)
rCold    + + .     Faith    .   f - +0 buckler
rNeg     + + +     Spirit   +   o - +4 moon troll leather armour {Spirit, Regen++ MP+5}
rPois    ∞         Reflect  .   (helmet restricted)
rElec    .         Harm     .   m - +0 cloak
rCorr    .         Rampage  .   g - +0 pair of gloves
Will     +....                  h - +2 pair of boots
Stlth    ++++++++..             (no amulet)
HPRegen  0.00/turn              c - +6 ring of strength
MPRegen  0.17/turn              k - +4 ring of evasion

@: bloodless
A: bloodless, fangs 3, see invisible, vampiric 2, horns 1, deformed body,
subdued magic 1
a: Bat Form, Revivify, Renounce Religion, Potion Petition, Call Merchant, Bribe
Branch


You were on level 11 of the Dungeon.
You worshipped Gozag.
Gozag was pleased with you.
You visited 3 branches of the dungeon, and saw 15 of its levels.
You visited the Abyss 1 time.

You collected 3220 gold pieces.
You paid 2683 gold pieces to Gozag.

Inventory:

Hand Weapons
 a - a +1 dagger
 u - a +2 morningstar of flaming (weapon)
Missiles
 t - a curare-tipped dart (quivered)
 J - a throwing net
Armour
 b - a +0 robe
 d - a +0 helmet
 e - a +0 ring mail
 f - a +0 buckler (worn)
 g - a +0 pair of gloves (worn)
 h - a +2 pair of boots (worn)
 m - a +0 cloak (worn)
 o - the +4 moon troll leather armour (worn) {Spirit, Regen++ MP+5}
   (You found it on level 7 of the Dungeon)

   It affects your magic capacity (+5).
   It increases your rate of health regeneration.
 v - a scarf of repulsion
Jewellery
 c - a +6 ring of strength (left hand)
 k - a +4 ring of evasion (right hand)
 w - a ring of magical power
 x - an amulet of the acrobat
 y - a +4 ring of evasion
 z - a +4 ring of slaying
 C - a +6 ring of dexterity
Wands
 s - a wand of paralysis (6)
 D - a wand of flame (7)
Scrolls
 i - 2 scrolls of fog
 j - 3 scrolls of noise
 l - a scroll of magic mapping
 q - 4 scrolls of enchant weapon
 r - 2 scrolls of amnesia
 E - 3 scrolls of teleportation
 I - a scroll of blinking
Potions
 n - 2 potions of resistance
 p - 2 potions of brilliance
 A - a potion of flight
 B - a potion of curing
 K - a potion of haste


   Skills:
 + Level 11.8 Fighting
 - Level 1.1 Short Blades
 + Level 11.6 Dodging
 - Level 17.0 Stealth
 - Level 4.0 Shields
 - Level 2.0 Spellcasting
 - Level 4.4 Hexes
 + Level 4.3 Air Magic
 + Level 4.0 Poison Magic
 + Level 3.9 Evocations


You had 4 spell levels left.
You knew the following spells:

 Your Spells              Type           Power      Damage    Failure   Level
a - Corona                Hex            16%        N/A       2%          1
b - Confusing Touch       Hex            15%        N/A       8%          3
c - Dazzling Flash        Conj/Hex       16%        N/A       21%         3
d - Ensorcelled Hibernat  Hex/Ice        16%        N/A       10%         2
e - Mephitic Cloud        Conj/Pois/Air  10%        N/A       16%         3

Your spell library contained the following spells:

 Spells                   Type           Power      Damage    Failure   Level
 Poisonous Vapours        Pois/Air       28%        N/A       4%          2
 Tukima's Dance           Hex            15%        N/A       8%          3
 Animate Skeleton         Necr           2%         N/A       17%         1
 Apportation              Tloc           2%         N/A       17%         1
 Pain                     Necr           4%         1d4       17%         1
 Summon Small Mammal      Summ           4%         N/A       17%         1
 Conjure Flame            Conj/Fire      1%         6-21      47%         3
 Vampiric Draining        Necr           0%         2d6       47%         3
 Animate Dead             Necr           0%         N/A       87%         4
 Agony                    Necr           1%         N/A       99%         5
 Freezing Cloud           Conj/Ice/Air   3%         6-21      100%        6


Dungeon Overview and Level Annotations

Branches:
Dungeon (11/15)            Temple (1/1) D:7            Lair (3/6) D:9
 Spider (0/4) Lair:2
  Swamp: Lair:2-4    Shoals: Lair:2-4       Orc: D:9-12

Altars:
Ashenzari
Dithmenos
Elyvilon
Fedhas
Gozag
Hepliaklqana
Kikubaaqudgha
Makhleb
Nemelex Xobeh
Okawaru
Ru
Sif Muna
Trog
Uskayaw
Vehumet
Xom
Yredelemnul
Zin
The Shining One
Lugonu

Shops:
D:3 [

Annotations:
D:8 Psyche
D:10 2 runed translucent doors
Lair:2 1 runed translucent door, leviel's ghost, journeyman MiFi


Innate Abilities, Weirdness & Mutations

You do not regenerate when monsters are visible.
You are frail without blood (-20% HP).
You can heal yourself when you bite living creatures.
You are immune to poison.
You have razor-sharp teeth.
You have supernaturally acute eyesight. (SInv)
You are afflicted with vampirism and can become a bat while bloodless.
You have a pair of small horns on your head.
Armour fits poorly on your strangely shaped body.
Your spells are a little easier to cast, but a little less powerful.


Message History

* * * LOW HITPOINT WARNING * * *
The six-headed hydra bites you!
* * * LOW HITPOINT WARNING * * *
The six-headed hydra misses you.
You hit the six-headed hydra. You burn the six-headed hydra.
Your bite misses the six-headed hydra.
The six-headed hydra is almost dead.
The six-headed hydra bites you!
* * * LOW HITPOINT WARNING * * *
You block the six-headed hydra's attack.
The six-headed hydra closely misses you.
The six-headed hydra bites you but does no damage.
The six-headed hydra closely misses you.
You block the six-headed hydra's attack.
Unknown command.
Okay, then.
Casting: Confusing Touch (dangerous; 8% risk of failure)
Confirm with . or Enter, or press ? or * to list all spells.
Okay, then.
Okay, then.
Okay, then. [a] - 130 gold - heal wounds [b] - 130 gold - heal wounds [c] - 160 gold - heal wounds and curing Purchase which effect?
You feel much better.
You feel better. The six-headed hydra bites you.
The six-headed hydra bites you but does no damage.
The six-headed hydra bites you!
* * * LOW HITPOINT WARNING * * *
The six-headed hydra bites you!
* * * LOW HITPOINT WARNING * * *
You block the six-headed hydra's attack.
The six-headed hydra bites you.
* * * LOW HITPOINT WARNING * * *
You puncture the six-headed hydra! You burn the six-headed hydra.
The six-headed hydra is almost dead.
You block the six-headed hydra's attack.
The six-headed hydra bites you!
You die...
Your body crumbles into a pile of gold.

.##
#........####............
.##
#......#.................
..#
#....#####...............
#.# ##..##
##..............# #.##
#### ##...............#
##.# #................#
#.## #...............##
#..# #...............#
##.# #@.............##
#.# ##D.)..........# ###
###..(......#.#
####...###### #####


You could see a six-headed hydra.

Vanquished Creatures
  A tentacled starspawn (Abyss:1)
  A fire dragon (Lair:1)
  A hydra (Lair:1)
  Urug (Lair:3)
  3 death yaks (Lair:2)
  Pikel (D:7)
  A black mamba (Lair:1)
  Maggie (D:6)
  12 cane toads
  2 unseen horrors
  4 rime drakes
  10 komodo dragons
  A troll (D:11)
  A tyrant leech (Lair:2)
  A polar bear (Lair:3)
  Prince Ribbit (D:8)
  A flying skull (Abyss:1)
  Sigmund (D:4)
  A vampire (D:9)
  22 yaks
  Grum (D:8)
  A wyvern (Lair:3)
  2 basilisks (Lair:2)
  6 steam dragons
  2 vampire mosquitoes (D:10)
  2 small abominations (Abyss:1)
  8 water moccasins
  Duvessa (D:7)
  2 orc warriors (D:9)
  4 black bears
  A necrophage (D:5)
  A sky beast (D:6)
  14 wolves
  An ogre (D:5)
  2 centaurs
  A lemure (D:7)
  A phantom (D:6)
  3 kobold brigands
  4 bullfrogs
  Dowan (D:7)
  4 scorpions
  2 wyvern skeletons
  4 killer bees (D:9)
  10 wights (D:8)
  A troll skeleton (D:9)
  5 spriggan skeletons (D:9)
  An electric eel (D:10)
  5 centaur zombies
  A bullfrog skeleton (D:7)
  An orc priest (D:5)
  4 hounds
  5 jellies
  3 iguanas
  5 orc wizards
  Robin (D:2)
  A howler monkey zombie (D:7)
  9 gnolls
  10 adders
  2 white imps
  2 ufetubi
  An adder skeleton (D:4)
  A worm (D:2)
  3 dart slugs
  15 orcs
  10 ball pythons
  7 endoplasms
  2 giant cockroaches
  13 goblins
  9 hobgoblins
  4 jackals (D:5)
  22 kobolds
  5 quokkas
  5 bats
  4 frilled lizards
  3 rats
305 creatures vanquished.

Vanquished Creatures (others)
  A rime drake (Lair:3)
  A golden eye (Abyss:1)
  A butterfly (Lair:3)
  A fire vortex (Lair:2)
  21 fungi
  30 plants
  7 starspawn tentacles (Abyss:1)
62 creatures vanquished.

Grand Total: 367 creatures vanquished

Notes
Turn   | Place    | Note
-------+----------+-------------------------------------------
     0 | D:1      | Shayle the Vampire Enchanter began the quest for the Orb.
     0 | D:1      | Reached XP level 1. HP: 13/13 MP: 3/3
   118 | D:1      | Reached skill level 5 in Stealth
   185 | D:1      | Reached XP level 2. HP: 19/19 MP: 5/5
   397 | D:1      | Reached skill level 6 in Stealth
   756 | D:1      | Gained mutation: You are afflicted with vampirism and can
                  | become a bat while bloodless. [Vampire growth]
   756 | D:1      | Reached XP level 3. HP: 22/24 MP: 6/6
   791 | D:2      | Found an ancient bone altar of Kikubaaqudgha.
  1055 | D:2      | Reached skill level 7 in Stealth
  1436 | D:3      | Reached XP level 4. HP: 30/30 MP: 7/7
  1436 | D:3      | Found Vibleme's Armour Emporium.
  1704 | D:3      | Reached skill level 1 in Shields
  1708 | D:3      | Reached skill level 8 in Stealth
  1881 | D:3      | Found a broken altar of Ashenzari.
  2013 | D:3      | Noticed Robin
  2317 | D:2      | Killed Robin
  2318 | D:2      | Reached XP level 5. HP: 27/35 MP: 8/8
  2921 | D:2      | Learned a level 3 spell: Confusing Touch
  2925 | D:2      | Learned a level 3 spell: Dazzling Flash
  3116 | D:4      | Reached skill level 9 in Stealth
  3188 | D:4      | Found a shimmering blue altar of Sif Muna.
  3188 | D:4      | Found a hazy altar of Hepliaklqana.
  3323 | D:4      | Noticed Sigmund
  3325 | D:4      | Killed Sigmund
  3326 | D:4      | Reached XP level 6. HP: 41/41 MP: 9/9
  3705 | D:4      | You fall into a shaft and drop 3 floors!
  3713 | D:7      | Found a burning altar of Makhleb.
  3747 | D:7      | Found the +4 moon troll leather armour {Spirit, Regen++
                  | MP+5}
  3817 | D:7      | Noticed Duvessa
  3850 | D:7      | Reached skill level 10 in Stealth
  3881 | D:7      | Reached XP level 7. HP: 46/46 MP: 10/10
  3925 | D:7      | Noticed a steam dragon
  3930 | D:7      | Killed a steam dragon
  3931 | D:7      | Reached skill level 11 in Stealth
  3973 | D:7      | Noticed Pikel
  4034 | D:7      | Found a staircase to the Ecumenical Temple.
  4057 | D:5      | Entered Level 5 of the Dungeon
  4069 | D:5      | Found a hide-covered altar of Uskayaw.
  4079 | D:5      | Identified the +3 leather armour "Affober" {Harm rElec
                  | Int+6 Dex-3}
  4151 | D:5      | Found an iron altar of Okawaru.
  4163 | D:5      | Found a blossoming altar of Fedhas.
  4482 | D:5      | Reached skill level 12 in Stealth
  4529 | D:5      | Reached XP level 8. HP: 45/52 MP: 11/11
  4631 | D:5      | Found a radiant altar of Vehumet.
  4683 | D:5      | Reached skill level 13 in Stealth
  5030 | D:6      | Reached skill level 1 in Fighting
  5095 | D:6      | Noticed Maggie
  5115 | D:6      | Killed Maggie
  5116 | D:6      | Reached skill level 14 in Stealth
  5398 | D:6      | Reached XP level 9. HP: 65/65 MP: 12/12
  5504 | Temple   | Entered the Ecumenical Temple
  5528 | Temple   | Became a worshipper of Gozag Ym Sagoz the Greedy
  5563 | D:7      | Noticed Dowan
  5575 | D:7      | Killed Duvessa
  5585 | D:7      | Killed Dowan
  5586 | D:7      | Reached skill level 15 in Stealth
  5739 | D:7      | Killed Pikel
  5740 | D:7      | Reached skill level 5 in Fighting
  6424 | D:8      | Noticed Grum
  6438 | D:8      | Reached skill level 16 in Stealth
  6447 | D:8      | Killed Grum
  6664 | D:8      | Noticed Prince Ribbit
  6684 | D:8      | Killed Prince Ribbit
  6685 | D:8      | Reached XP level 10. HP: 65/71 MP: 13/13
  6852 | D:8      | Identified a scroll of acquirement
  6852 | D:8      | Acquired 605 gold pieces
  6896 | D:8      | Noticed Psyche
  6903 | D:8      | Cast into level 1 of the Abyss (Psyche)
  7023 | Abyss:1  | Reached skill level 17 in Stealth
  7031 | Abyss:1  | Learned a level 2 spell: Ensorcelled Hibernation
  7092 | Abyss:1  | Noticed a starcursed mass
  7101 | Abyss:1  | Noticed a tentacled starspawn
  7129 | Abyss:1  | Noticed a thrashing horror
  7181 | Abyss:1  | Noticed a rust devil
  7203 | Abyss:1  | Noticed a hellephant
  7208 | Abyss:1  | Noticed a tentacled starspawn
  7208 | Abyss:1  | Noticed a shadow demon
  7262 | Abyss:1  | HP: 3/79 [tentacled starspawn (8)]
  7262 | Abyss:1  | HP: 1/79 [starspawn tentacle[a tentacled starspawn] (2)]
  7264 | Abyss:1  | Killed a tentacled starspawn
  7265 | Abyss:1  | Reached skill level 5 in Dodging
  7297 | D:8      | Escaped the Abyss
  7439 | D:8      | Found a sparkling altar of Nemelex Xobeh.
  7757 | D:9      | Found a staircase to the Lair.
  7790 | Lair:1   | Entered Level 1 of the Lair of Beasts
  7790 | Lair:1   | Noticed a cane toad
  7820 | D:9      | Killed a cane toad
  8087 | D:9      | Reached XP level 11. HP: 89/89 MP: 12/14
  8743 | D:9      | Found a shimmering altar of Xom.
  9402 | Lair:1   | Noticed a fire dragon
  9633 | D:9      | Reached skill level 10 in Fighting
  9703 | D:10     | Entered Level 10 of the Dungeon
 10035 | D:10     | Found a large runed translucent door.
 10036 | D:10     | Found a large runed translucent door.
 10566 | D:11     | Noticed a six-headed hydra
 11726 | Lair:1   | Reached skill level 10 in Dodging
 11802 | Lair:1   | Noticed a five-headed hydra
 11820 | Lair:1   | Gained mutation: Armour fits poorly on your strangely
                  | shaped body. [potion of mutation]
 11820 | Lair:1   | Gained mutation: Your spells are a little easier to cast,
                  | but a little less powerful. [potion of mutation]
 11820 | Lair:1   | Gained mutation: You have a pair of small horns on your
                  | head. [potion of mutation]
 11824 | Lair:1   | Killed a five-headed hydra
 11962 | Lair:1   | Reached XP level 12. HP: 34/80 MP: 9/15
 12303 | Lair:2   | Learned a level 3 spell: Mephitic Cloud
 12401 | Lair:2   | Reached skill level 1 in Air Magic
 12401 | Lair:2   | Reached skill level 1 in Poison Magic
 12404 | Lair:2   | Reached skill level 1 in Evocations
 13042 | Lair:2   | Found a hole to the Spider Nest.
 13044 | Lair:2   | Found a runed translucent door.
 13048 | Lair:2   | Identified the +9 trident of the Moon {protect, Str+6}
 13051 | Lair:2   | Noticed leviel's ghost (journeyman MiFi)
 13219 | Lair:3   | Noticed a death yak
 13543 | Lair:1   | Killed a fire dragon
 13932 | Lair:3   | Noticed a death yak
 13932 | Lair:3   | Noticed a death yak
 13936 | Lair:3   | Noticed a death yak
 14030 | Lair:3   | Noticed Urug
 14418 | Lair:3   | Killed Urug
 14422 | Lair:3   | Noticed a death yak
 14438 | Lair:2   | Killed a death yak
 14976 | Lair:3   | Noticed a seven-headed hydra
 15035 | Lair:2   | Killed a death yak
 15107 | Lair:2   | Killed a death yak
 15108 | Lair:2   | Reached XP level 13. HP: 54/85 MP: 4/16
 15496 | D:11     | HP: 1/85 [six-headed hydra (10)]
 15498 | D:11     | Slain by a six-headed hydra

Illustrated notes

Levels and vault maps discovered:
D:1:      erik_arrival_orb_chamber, layout_basic
D:2:      layout_basic, basic_altar
D:3:      layout_loops_ring, nicolae_ashenzari_skybound, serial_shops, shop,
          uniq_robin
D:4:      layout_rooms, amethyst_overflow_temple_binary, minmay_misc_feat_room,
          serial_bayou_crossing, uniq_sigmund
D:5:      layout_cave_pools, lemuel_round_altar, okawaru_ov_weapons_minmay,
          nicolae_overflow_hidden_temple, overflow_temple_1_default,
          sword_in_stone
D:6:      layout_rooms, uniq_maggie
D:7:      layout_basic, lemuel_crystal_altar, minmay_temple_entry_stoned_glass,
          uniq_duvessa, uniq_pikel
D:8:      layout_loops_ring, nemelex_spade_bored_becter,
          minmay_misc_feat_rugged, uniq_prince_ribbit1, uniq_psyche, uniq_grum
D:9:      layout_roguey, dk_xom_monty_hall, dpeg_oklobed_lair,
          hangedman_tell_no_tales
D:10:     layout_gridville, nicolae_elyvilon_peaceful_grove,
          overflow_temple_1_default, jmf_multi_god_temple2, abandoned_shop,
          minmay_misc_feat_plants, minmay_misc_feat_ornament,
          minmay_crystal_water
D:11:     layout_cave_pods, erik_orc_1
Temple:   corrupted_temple
Lair:1:   dragon1_lemuel, layout_long_grid, beast_lair_carwin_6,
          grunt_megastairs_5
Lair:2:   layout_gridlike, spider_nest_entry_funnel_web,
          ebering_ghost_funeral_grove, chequers_serial_rivers_small_3,
          beast_lair_carwin_4, grunt_megastairs_2
Lair:3:   layout_misc_corridors, minmay_swamp_entry_worms,
          bobbens_dragon_lair_wall, serial_bayou_shore_b, lemuel_fruit_fields,
          minmay_lair_oklob_chamber, uniq_urug

Skill      XL: |  1  2  3  4  5  6  7  8  9 10 11 12 |
---------------+-------------------------------------+-----
Stealth        | 5 6 7 8 9 10 12 14 16 17 | 17.0
Shields        | 1 3 4 |  4.0
Fighting       | 4 6 9 11 | 11.8
Dodging        | 6 10 11 | 11.6
Air Magic      | 4 |  4.3
Poison Magic   | 4 |  4.0
Evocations     | 3 |  3.9
Short Blades   | |  1.1
Spellcasting   | |  2.0
Hexes          | |  4.4

Action                   |  1- 3 |  4- 6 |  7- 9 | 10-12 | 13-15 || total
-------------------------+-------+-------+-------+-------+-------++-------
Melee: Dagger            |   160 |   271 |   293 |       |       ||   724
       Bite              |    10 |    29 |    45 |   126 |     2 ||   212
       Morningstar       |       |       |   172 |  1001 |    12 ||  1185
       Headbutt          |       |       |       |   104 |     3 ||   107
Throw: Dart              |       |       |       |     1 |       ||     1
 Cast: Dazzling Flash    |       |       |     2 |    24 |       ||    26
       Confusing Touch   |       |       |       |    15 |     2 ||    17
       Ensorcelled Hiber |       |       |       |    14 |       ||    14
       Mephitic Cloud    |       |       |       |    14 |       ||    14
Invok: Potion Petition   |       |       |       |     7 |     1 ||     8
 Abil: Exsanguinate      |       |       |       |     1 |       ||     1
Evoke: Wand              |       |       |       |     7 |       ||     7
  Use: Potion            |       |     3 |       |     8 |       ||    11
       Scroll            |       |     5 |     5 |    11 |     1 ||    22
 Stab: Sleeping          |    10 |     4 |    19 |    18 |     1 ||    52
       Distracted        |       |     1 |     2 |     8 |       ||    11
       Confused          |       |       |       |    15 |       ||    15
       Invisible         |       |       |       |    13 |       ||    13
Armor: Robe              |    11 |       |       |       |       ||    11
       Ring mail         |    20 |    85 |       |       |       ||   105
       Troll leather arm |       |    12 |   161 |   331 |    12 ||   516
Dodge: Dodged            |    83 |   139 |   339 |  1306 |    30 ||  1897
       Repelled          |       |       |       |     7 |       ||     7
Block: Buckler           |    11 |    57 |   126 |   367 |    13 ||   574

Table legend: (Time is in decaauts)
 A = Elapsed time spent in this place.
 B = Non-inter-level travel time spent in this place.
 C = Inter-level travel time spent in this place.
 D = Time resting spent in this place.
 E = Time spent auto-exploring this place.
 F = Levels seen in this place.
 G = Mean time per level.
                   A        B        C        D        E       F      G
               +--------+--------+--------+--------+--------+-----+--------+
         Total |  16094 |  15280 |    814 |   2545 |   4978 |  16 | 1005.9 |
       Dungeon |  10347 |   9857 |    490 |   1288 |   3945 |  11 |  940.6 |
        Temple |     37 |     24 |     13 |      0 |     18 |   1 |   37.0 |
          Lair |   5276 |   4965 |    311 |   1228 |   1015 |   3 | 1758.7 |
         Abyss |    432 |    432 |      0 |     29 |      0 |   1 |  432.0 |
               +--------+--------+--------+--------+--------+-----+--------+

Top non-repeatable levels by time:
  Lair:2: 2297 daAuts
  Lair:1: 2220 daAuts
     D:9: 1989 daAuts
     D:7: 1286 daAuts
     D:2: 1227 daAuts
     D:3: 1098 daAuts
     D:1: 784 daAuts
  Lair:3: 758 daAuts
     D:4: 739 daAuts
    D:10: 734 daAuts
     D:8: 732 daAuts
     D:6: 653 daAuts
     D:5: 633 daAuts
    D:11: 466 daAuts
 Abyss:1: 432 daAuts
